 Dungeon Crawl Stone Soup version 0.29.0-13-gc9e81de378 (webtiles) character file.

Game seed: 17324678558920407717

599 SensoryNuts the Slasher (level 7, -2/54 HPs)
             Began as a Demonspawn Fighter on Sept 7, 2022.
             Killed from afar by a steam dragon (8 damage)
             ... with a ball of steam
             ... on level 6 of the Dungeon.
             The game lasted 00:03:48 (4208 turns).

SensoryNuts the Slasher (Demonspawn Fighter)        Turns: 4208, Time: 00:03:49

Health: -2/54      AC: 10    Str: 16    XL:     7   Next: 17%
Magic:  7/7        EV:  9    Int:  9    God:
Gold:   118        SH:  5    Dex: 15    Spells: 6/6 levels left

rFire   . . .      SeeInvis .   a - +0 long sword
rCold   . . .      Faith    .   c - +0 buckler
rNeg    . . .      Spirit   .   b - +0 scale mail
rPois   .          Reflect  .   (no helmet)
rElec   .          Harm     .   (no cloak)
rCorr   .          Rampage  .   g - +2 pair of gloves
Will    .....                   (no boots)
Stlth   ..........              (no amulet)
HPRegen 0.18/turn               (no ring)
MPRegen 0.10/turn               (no ring)

@: no status effects
A: powered by pain 1, weakness stinger 1
a: no special abilities


You were on level 6 of the Dungeon.
You visited 1 branch of the dungeon, and saw 6 of its levels.

You collected 118 gold pieces.

Inventory:

Hand Weapons
 a - a +0 long sword (weapon)
Missiles
 o - 3 throwing nets (quivered)
Armour
 b - a +0 scale mail (worn)
 c - a +0 buckler (worn)
 g - a +2 pair of gloves (worn)
Wands
 n - a wand of charming (5)
Scrolls
 h - a scroll of noise
 i - a scroll of identify
 l - 3 scrolls of enchant armour
Potions
 d - 2 potions of attraction
 e - a potion of magic
 f - 2 potions of mutation
 j - 3 potions of brilliance


   Skills:
 + Level 4.0 Fighting
 * Level 5.6 Long Blades
 + Level 3.9 Armour
 + Level 1.3 Dodging
 + Level 0.2 Stealth
 + Level 3.2 Shields


You had 6 spell levels left.
You didn't know any spells.
Your spell library contained the following spells:

 Spells                   Type           Power      Damage    Failure   Level
 Sting                    Tmut/Pois      0%         1d3       88%         1
 Poisonous Vapours        Pois/Air       0%         N/A       95%         2
 Static Discharge         Conj/Air       0%         3-3/arc   95%         2
 Ozocubu's Armour         Ice            0%         N/A       99%         3
 Olgreb's Toxic Radiance  Pois           0%         N/A       100%        4
 Freezing Cloud           Conj/Ice/Air   0%         6-21      100%        5
 Lightning Bolt           Conj/Air       0%         1d11      100%        5
 Metabolic Englaciation   Hex/Ice        0%         N/A       100%        5
 Simulacrum               Ice/Necr       0%         N/A       100%        6
 Maxwell's Capacitive Co  Air            0%         ∞         100%        8
 Polar Vortex             Ice            0%         N/A       100%        9


Dungeon Overview and Level Annotations

Branches:
Dungeon (7/15)
 Temple: D:4-7

Altars:
Xom

Shops:
D:4 :

Annotations:
D:3 Natasha


Innate Abilities, Weirdness & Mutations

You sometimes gain a little power by taking damage.
You have a small tail.


Message History

You feel sick.
You feel sick.
You feel sick.
You feel sick.
You feel sick.
You are no longer poisoned.
An orc comes into view. It is wielding a +0 dagger.
The orc moves out of view.
The orc attacks as you move away! The orc hits you but does no damage.
Found a stone staircase leading up.
The orc attacks as you move away! The orc hits you but does no damage.
The orc attacks as you move away! The orc hits you but does no damage.
The orc attacks as you move away! You block the orc's attack.
The orc attacks as you move away! The orc hits you but does no damage.
The orc attacks as you move away! The orc barely misses you.
There is a stone staircase leading up here.
You block the orc's attack.
You climb upwards.
Found five items.
Found a stone staircase leading down.
There is a stone staircase leading down here.
You closely miss the orc. The orc hits you but does no damage.
The orc attacks as you move away! You block the orc's attack.
A steam dragon comes into view.
The steam dragon hisses angrily.
Found a stone staircase leading down.
The orc attacks as you move away! The orc hits you but does no damage.
Found 18 gold pieces.
The steam dragon breathes steam at you.
The ball of steam hits the orc!!
The orc dies!
The ball of steam hits you!
* * * LOW HITPOINT WARNING * * *
You hear an angry hiss.
Really walk into that dispersal trap?
Okay, then.
An adder comes into view.
The adder hisses angrily.
The steam dragon breathes steam at you. The ball of steam hits you!
You die...

.. . .## #### ..#
....######.#
.........#.#######
......>@§.$.......
...#.....D........
#..##.###s...####
.##..#..##.^..####
........§§........
.##S...#####.####
.........####.# #
.........s....##...
....###............


You could see a steam dragon (catching breath), a scorpion and an adder.

Vanquished Creatures
  Sigmund (D:3)
  An orc warrior (D:7)
  A scorpion (D:4)
  An orc priest (D:7)
  Terence (D:3)
  An orc wizard (D:4)
  Robin (D:3)
  4 gnolls (D:4)
  3 adders
  4 worms
  2 dart slugs
  12 orcs
  3 bats
  5 endoplasms
  9 giant cockroaches
  17 goblins
  13 hobgoblins
  2 jackals (D:2)
  3 quokkas
  5 ball pythons
  7 frilled lizards
  4 kobolds
  5 rats
105 creatures vanquished.

Vanquished Creatures (others)
  An orc (D:6)
  4 plants
5 creatures vanquished.

Grand Total: 110 creatures vanquished

Notes
Turn   | Place    | Note
-------+----------+-------------------------------------------
     0 | D:1      | SensoryNuts the Demonspawn Fighter began the quest for the
                  | Orb.
     0 | D:1      | Reached XP level 1. HP: 18/18 MP: 1/1
   130 | D:1      | Reached skill level 2 in Long Blades
   215 | D:1      | Gained mutation: You have a small tail. [demonic ancestry]
   215 | D:1      | Reached XP level 2. HP: 19/24 MP: 2/2
   290 | D:1      | Found a faded altar of an unknown god.
   996 | D:2      | Reached XP level 3. HP: 29/29 MP: 3/3
  1387 | D:2      | Identified the +1 sling of Gozag's Inspiration {vorpal,
                  | Str+2 Dex+2}
  1826 | D:3      | Noticed Robin
  1913 | D:3      | Reached XP level 4. HP: 34/35 MP: 4/4
  1918 | D:3      | Killed Robin
  1919 | D:3      | Reached skill level 3 in Long Blades
  2092 | D:3      | Noticed Terence
  2108 | D:3      | Killed Terence
  2230 | D:3      | Found a shimmering altar of Xom.
  2232 | D:3      | Noticed Natasha
  2388 | D:3      | Reached XP level 5. HP: 41/41 MP: 5/5
  2471 | D:3      | Noticed Sigmund
  2480 | D:3      | Killed Sigmund
  2481 | D:3      | Reached skill level 4 in Long Blades
  2481 | D:3      | Reached skill level 1 in Dodging
  2481 | D:3      | Gained mutation: You sometimes gain a little power by
                  | taking damage. [demonic ancestry]
  2481 | D:3      | Reached XP level 6. HP: 14/47 MP: 6/6
  3720 | D:4      | Found Duilede's Tremendous Tomes.
  3912 | D:4      | Reached skill level 5 in Long Blades
  4047 | D:4      | You fall into a shaft and drop 3 floors!
  4058 | D:7      | Noticed an orc warrior
  4069 | D:7      | Killed an orc warrior
  4069 | D:7      | Noticed a wyvern
  4070 | D:7      | Reached XP level 7. HP: 16/53 MP: 7/7
  4197 | D:6      | Noticed a steam dragon
  4208 | D:6      | Killed from afar by a steam dragon

Illustrated notes

Levels and vault maps discovered:
D:1:      minmay_arrival_shattered_statue, layout_rooms, basic_ecumenical_altar
D:2:      layout_loops_ring, minmay_worlds_worst_comb
D:3:      layout_basic, nicolae_overflow_hidden_temple, st_stairs_10,
          uniq_robin, uniq_sigmund, uniq_natasha, uniq_terence
D:4:      layout_gridville, nicolae_shop_i_like_big_books, serial_bayou_crossing
D:6:      layout_rooms, grunt_ministairs_14
D:7:      layout_basic, minmay_temple_entry_overgrown, minmay_splitting_lines

Skill      XL: |  1  2  3  4  5  6  7 |
---------------+----------------------+-----
Long Blades    | 2 3 4 5 |  5.6
Armour         | 3 |  3.9
Shields        | 3 |  3.2
Dodging        | 1 |  1.3
Fighting       | 4 |  4.0
Stealth        | |  0.2

Action                   |  1- 3 |  4- 6 |  7- 9 || total
-------------------------+-------+-------+-------++-------
Melee: Long sword        |   140 |   173 |     5 ||   318
       Tailslap          |     9 |    28 |       ||    37
  Use: Scroll            |     7 |     3 |       ||    10
       Potion            |       |     4 |       ||     4
Armor: Scale mail        |    76 |    84 |    12 ||   172
Dodge: Dodged            |    67 |    71 |    16 ||   154
Block: Buckler           |    38 |    35 |     6 ||    79
